 Dungeon Crawl Stone Soup version 0.31-a0-240-gb923e448b6 (webtiles) character file.

Game seed: 3530686909029171988

56 qw the Shooter (level 3, -2/29 HPs)
             Began as a Minotaur Hexslinger on July 11, 2023.
             Slain by a gnoll
             ... wielding a +0 spear
              (5 damage)
             ... on level 2 of the Dungeon.
             The game lasted 00:00:23 (849 turns).

qw the Shooter (Minotaur Hexslinger)                 Turns: 849, Time: 00:00:23

Health: -2/29      AC:  6    Str: 12    XL:     3   Next: 71%
Magic:  3/3        EV: 11    Int: 10    God:
Gold:   67         SH:  0    Dex: 14    Spells: 3/4 levels left

rFire   . . .        Y - +2 sling
rCold   . . .        (no shield)
rNeg    . . .        h - +0 ring mail
rPois   .            (helmet restricted)
rElec   .            (no cloak)
rCorr   .            (no gloves)
SInv    .            d - +0 pair of boots
Will    .....        g - amulet of faith
Stlth   +            (no ring)
HPRegen 0.24/turn    (no ring)
MPRegen 0.08/turn

%: faith
@: no status effects
A: horns 2, retaliatory headbutt
a: no special abilities


You were on level 2 of the Dungeon.
You visited 1 branch of the dungeon, and saw 2 of its levels.

You collected 67 gold pieces.


Innate Abilities, Weirdness & Mutations

You have a pair of horns on your head.
You reflexively headbutt those who attack you in melee.


   Skills:
 - Level 2.0 Fighting
 + Level 4.0 Ranged Weapons
 - Level 1.3 Armour
 - Level 2.1 Dodging
 - Level 1.0 Spellcasting
 - Level 2.0 Hexes


You had 3 spell levels left.
You knew the following spells:

 Your Spells              Type           Power      Damage    Failure   Level
a - Slow                  Hex            16%        N/A       32%         1

Your spell library contained the following spells:

 Spells                   Type           Power      Damage    Failure   Level
 Inner Flame              Hex/Fire       2%         N/A       83%         3
 Portal Projectile        Hex/Tloc       4%         N/A       83%         3
 Cause Fear               Hex            2%         N/A       97%         4

Inventory:

Hand Weapons
 Y - a +2 sling (weapon)
Armour
 b - a +0 robe of fire resistance
 d - a +0 pair of boots (worn)
 h - a +0 ring mail (worn)
Jewellery
 g - an amulet of faith (around neck)
Scrolls
 c - a scroll of revelation {unknown}
 l - a scroll of identify
Potions
 a - a potion of ambrosia {unknown}
 e - 2 potions of curing
 j - a potion of berserk rage {unknown}

Dungeon Overview and Level Annotations

Branches:
Dungeon (2/15)

Altars:


Message History

You shoot a sling bullet.
The sling bullet closely misses the gnoll.
A gnoll comes into view. It is wielding a +0 club.
An endoplasm comes into view.
The gnoll hits you with a +0 club.
The gnoll hits you from afar with a +0 spear.
The gnoll closely misses you.
The endoplasm moves out of view.
You shoot a sling bullet.
The sling bullet barely misses the gnoll.
The gnoll shouts!
The gnoll hits you from afar with a +0 spear.
The gnoll hits you with a +0 club.
You shoot a sling bullet.
The sling bullet hits the gnoll but does no damage.
The gnoll hits you from afar with a +0 spear.
The gnoll hits you with a +0 club.
The ball python bites you but does no damage.
The ball python grabs you. The ball python constricts you.
You shoot a sling bullet. The sling bullet hits the ball python.
You kill the ball python!
The gnoll completely misses you. You furiously retaliate!
You headbutt the gnoll!
The gnoll hits you from afar with a +0 spear!
The quokka misses you. The gnoll misses you.
The gnoll hits you from afar with a +0 spear.
You shoot a sling bullet. The sling bullet hits the gnoll.
The gnoll is almost dead.
The quokka barely misses you. The gnoll closely misses you. x2
The quokka bites you.
You shoot a sling bullet. The sling bullet hits the gnoll.
You kill the gnoll!
The gnoll hits you but does no damage. The quokka misses you.
You furiously retaliate!
You headbutt the quokka!
You kill the quokka!
Your Armour skill increases to level 1!
You shoot a sling bullet. The sling bullet hits the gnoll.
The gnoll is moderately wounded.
The gnoll hits you but does no damage.
The gnoll hits you from afar with a +0 spear.
You die...

.### ....## ..... .....
....... #...# ....... ....#.#
.g? ....... .......
#####g#####.>...... .......
#....)@............ ).....#
#..................
#......#.).................
##%.....###..........##....
.)......#............##.##..#
.<...........................
#...........#######.#.##.....
..................#...##....#
............................#


You could see 2 gnolls.

Vanquished Creatures
  An adder (D:2)
  A gnoll (D:2)
  A dart slug (D:2)
  A ball python (D:2)
  5 endoplasms
  A giant cockroach (D:1)
  2 goblins
  4 hobgoblins (D:1)
  4 kobolds
  4 quokkas
  3 bats
  A frilled lizard (D:2)
  3 rats (D:1)
31 creatures vanquished.

Notes
Turn   | Place    | Note
-------+----------+-------------------------------------------
     0 | D:1      | qw the Minotaur Hexslinger began the quest for the Orb.
     0 | D:1      | Reached XP level 1. HP: 16/16 MP: 1/1
     0 | D:1      | 0 ||| qw: Version: 0.3-a-52-g30416fa
     0 | D:1      | 0 ||| qw: Game counter: 6081
     0 | D:1      | 0 ||| qw: Melee chars always use a shield: true
     0 | D:1      | 0 ||| qw: God list: Okawaru
     0 | D:1      | 0 ||| qw: Allow faded altars: false
     0 | D:1      | 0 ||| qw: Do Orc after clearing Dungeon:15 true
     0 | D:1      | 0 ||| qw: Do second Lair branch before Depths: true
     0 | D:1      | 0 ||| qw: Lair rune preference: random
     0 | D:1      | 0 ||| qw: Goals: Normal
     0 | D:1      | 0 ||| PLANNING D:1-11
   277 | D:1      | Reached skill level 3 in Ranged Weapons
   288 | D:1      | Reached XP level 2. HP: 23/23 MP: 2/2
   700 | D:1      | 700 ||| UPGRADING to +0 pair of boots.
   705 | D:1      | 705 ||| UPGRADING to +0 ring mail.
   715 | D:1      | 715 ||| DROPPING +0 robe.
   716 | D:1      | 716 ||| UPGRADING to amulet of faith.
   721 | D:1      | 721 ||| READING 2 scrolls labelled KOESUI JECEIDA.
   722 | D:1      | 722 ||| READING scroll labelled SEONOU MOAC.
   726 | D:1      | 726 ||| READING scroll labelled LANIXO JINNAISHE.
   727 | D:1      | 727 ||| READING 2 scrolls labelled RITOEQ ZOENA.
   728 | D:1      | 728 ||| READING scroll labelled RYV ANADEO.
   729 | D:1      | 729 ||| DRINKING 2 bubbling pink potions.
   730 | D:1      | 730 ||| DROPPING scroll of blinking.
   731 | D:1      | 731 ||| DROPPING scroll of poison.
   778 | D:2      | Reached XP level 3. HP: 29/29 MP: 3/3
   825 | D:2      | Reached skill level 4 in Ranged Weapons
   846 | D:2      | HP: 5/29 [gnoll/+0 spear (4)]
   847 | D:2      | HP: 2/29 [quokka (3)]
   849 | D:2      | Reached skill level 1 in Armour
   849 | D:2      | Slain by a gnoll

Levels and vault maps discovered:
D:1:      evilmike_arrival_plus, layout_basic
D:2:      layout_rooms

Skill      XL: |  1  2  3 |
---------------+----------+-----
Ranged Weapons | 3 4 |  4.0
Fighting       | 2 |  2.0
Armour         | 1 |  1.3
Dodging        | |  2.1
Spellcasting   | |  1.0
Hexes          | |  2.0

Action                     || total
---------------------------++-------
   Fire: Sling             ||    90
    Use: Scroll            ||     5
         Potion            ||     1
 Armour: Robe              ||     8
         Ring mail         ||     4
  Dodge: Dodged            ||    31

Table legend:
 A = Non-vault XP
 B = Vault XP
 C = Vault XP percentage of total XP
 D = Non-vault monster count
 E = Vault monster count
 F = Vault count percentage of total count
                 A         B        C        D         E       F
            +---------+---------+-------+---------+---------+-------
      Total |      81 |       0 |   0.0 |      31 |       0 |   0.0
            +---------+---------+-------+---------+---------+-------
        D:1 |      33 |       0 |   0.0 |      19 |       0 |   0.0
        D:2 |      48 |       0 |   0.0 |      12 |       0 |   0.0
            +---------+---------+-------+---------+---------+-------
